[Event "Allsvenskan Div I 3 2023/2024: SS Manhem II - Majornas SS"]
[Site "Goteborgs schackcentrum, Vegatan 20, Gothenburg, Sweden"]
[Date "2024.02.04"]
[Round "1.1"]
[White "Johansson, Gunnar"]
[Black "Berggren Torell, Harald"]
[Result "1/2-1/2"]
[TimeControl "90 minutes for 40 moves + 30 minutes for the rest of the game + 30 seconds per move from move one."]
[WhiteFideId "1700715"]
[BlackFideId "1714031"]
[WhiteElo "2180"]
[BlackElo "2052"]

1. e4 g6 2. d4 d6 3. Nc3 Bg7 4. h3 a6 5. a4 Nc6 6. Nf3 Nf6 7. Bg5 O-O 8. Qd2 Qd7 9. Rd1 e5 10.
dxe5 dxe5 11. Qxd7 Nxd7 12. Nd5 Nc5 13. Nxc7 Rb8 14. Bc4 Nxa4 15. Rb1 b5 16. Ba2 Nb4 17. Bb3 Bb7 18. Be7 Rfc8 19.
Bxb4 Rxc7 20. Bd6 Rbc8 21. Bxc7 Rxc7 22. O-O Bxe4 23. Ng5 Nc5 24. Rbd1 Bh6 25. Nxe4 Nxe4 26. Rd8+ Kg7 27. Rfd1 Nc5 28. Bd5 Na4 29. Bb3 Nc5 30. Ba2 Bg5 31. Ra8 Na4 32.
Bb3 1/2-1/2

[ePGN "0.1;DGT LiveChess/2.2.6"]

[Event "Allsvenskan Div I 3 2023/2024: SS Manhem II - Majornas SS"]
[Site "Goteborgs schackcentrum, Vegatan 20, Gothenburg, Sweden"]
[Date "2024.02.04"]
[Round "1.2"]
[White "Svensson, Lars"]
[Black "Enstrom, Henrik"]
[Result "1/2-1/2"]
[TimeControl "90 minutes for 40 moves + 30 minutes for the rest of the game + 30 seconds per move from move one."]
[WhiteFideId "1734466"]
[BlackFideId "1704842"]
[WhiteElo "2063"]
[BlackElo "2103"]

1. e4 d6 2. d4 Nf6 3. Nc3 g6 4. Be2 Bg7 5. h4 h5 6. Bg5 c6 7. Nf3 O-O 8. Qd2 b5 9. a3 Bg4 10.
O-O Nbd7 11. Rfe1 a6 12. Nh2 Bxe2 13. Rxe2 e5 14. Nf3 Qc7 15. Rd1 Rad8 16. dxe5 Nxe5 17. Nxe5 dxe5 18. Qc1 Rxd1+ 19. Qxd1 Rd8 20. Rd2 Rxd2 21. Qxd2 Qd7 22. Qxd7 Nxd7 23. Be3 Bf8 1/2-1/2

[ePGN "0.1;DGT LiveChess/2.2.6"]

[Event "Allsvenskan Div I 3 2023/2024: SS Manhem II - Majornas SS"]
[Site "Goteborgs schackcentrum, Vegatan 20, Gothenburg, Sweden"]
[Date "2024.02.04"]
[Round "1.3"]
[White "Fors, Klas"]
[Black "Karlsson, Stefan"]
[Result "1-0"]
[TimeControl "90 minutes for 40 moves + 30 minutes for the rest of the game + 30 seconds per move from move one."]
[WhiteFideId "1708872"]
[BlackFideId "1771183"]
[WhiteElo "2059"]
[BlackElo "1964"]

1. Nf3 Nf6 2. c4 g6 3. g3 Bg7 4. Bg2 O-O 5. O-O d6 6. Nc3 e5 7. d4 Nbd7 8. e4 c6 9. b3 h6 10.
Bb2 Nh7 11. Qd2 Ng5 12. d5 c5 13. Nh4 Nf6 14. Rae1 Nh5 15. Qd1 Kh7 16. Kh1 Bd7 17. Ne2 Bh3 18. Bxh3 Nxh3 19. Ng1 Qd7 20.
Nf5 Nxg1 21. Kxg1 gxf5 22. Qxh5 fxe4 23. Rxe4 f5 24. Re2 f4 25. f3 Rf5 26. Qh3 fxg3 27. hxg3 Raf8 28. Qg4 Qf7 29.
Kg2 h5 30. Qe4 Qg6 31. Bc1 R8f6 32. Ref2 Kg8 33. Kh3 h4 34. gxh4 Rxf3+ 35. Qxf3 Rxf3+ 36. Rxf3 Qc2 37. Rg1 Kh8 38.
Rf7 Qd3+ 39. Rg3 Qh7 40. Rgxg7 1-0

[ePGN "0.1;DGT LiveChess/2.2.6"]

[Event "Allsvenskan Div I 3 2023/2024: SS Manhem II - Majornas SS"]
[Site "Goteborgs schackcentrum, Vegatan 20, Gothenburg, Sweden"]
[Date "2024.02.04"]
[Round "1.4"]
[White "Krantz, Martin"]
[Black "Kallen, Jonas"]
[Result "0-1"]
[TimeControl "90 minutes for 40 moves + 30 minutes for the rest of the game + 30 seconds per move from move one."]
[WhiteFideId "1724100"]
[BlackFideId "1712896"]
[WhiteElo "2006"]
[BlackElo "2039"]

1. d4 d5 2. Bf4 Nf6 3. e3 c5 4. c3 Nc6 5. Bd3 Bg4 6. f3 Bh5 7. Nh3 Qb6 8. b3 cxd4 9. exd4 e6 10.
Nd2 Be7 11. Qe2 O-O 12. O-O Rfe8 13. Kh1 Rac8 14. Bg3 Bg6 15. Nf4 Nh5 16. Nxh5 Bxh5 17. b4 Bf6 18. Be5 Nxe5 19. dxe5 Be7 20.
Rac1 Bg6 21. Bb5 Red8 22. Nb3 Rc7 23. Nd4 Rdc8 24. Qd2 h6 25. a3 a5 26. Be2 axb4 27. axb4 Ra8 28. Nb5 Rcc8 29.
Ra1 Qd8 30. Qb2 Rxa1 31. Rxa1 Ra8 32. Ra3 Kh7 33. Qa1 Rxa3 34. Qxa3 Qb8 35. f4 f6 36. exf6 Bxf6 37. Qc1 e5 38.
fxe5 Bxe5 39. h3 Qf8 40. Qe3 Qf5 41. Nd4 Qb1+ 42. Qg1 Qb2 43. Qe3 Bxd4 44. cxd4 Qxb4 45. Qe5 Be4 46. Bf3 Qb1+ 47.
Kh2 b5 0-1

[ePGN "0.1;DGT LiveChess/2.2.6"]

[Event "Allsvenskan Div I 3 2023/2024: SS Manhem II - Majornas SS"]
[Site "Goteborgs schackcentrum, Vegatan 20, Gothenburg, Sweden"]
[Date "2024.02.04"]
[Round "1.5"]
[White "Bengtsson, Tage"]
[Black "Lisander, Stefan"]
[Result "1-0"]
[TimeControl "90 minutes for 40 moves + 30 minutes for the rest of the game + 30 seconds per move from move one."]
[WhiteFideId "1713850"]
[BlackFideId "1711733"]
[WhiteElo "2020"]
[BlackElo "2023"]

1. c4 e5 2. Nc3 Nf6 3. Nf3 Nc6 4. d4 exd4 5. Nxd4 Bb4 6. g3 O-O 7. Bg2 d5 8. O-O Nxd4 9. Qxd4 c5 10.
Qh4 d4 11. Nd5 Nxd5 12. Qxd8 Rxd8 13. Bxd5 Be6 14. Bxb7 Rab8 15. Be4 Bxc4 16. Bd3 Bxd3 17. exd3 Re8 18. a3 Ba5 19. b4 cxb4 20.
axb4 Bxb4 21. Rxa7 Ra8 22. Rxa8 Rxa8 23. Bb2 Bc3 24. Bxc3 dxc3 25. Rc1 Rc8 26. Kf1 Kf8 27. Ke2 Ke7 28.
d4 Rc6 29. Kd3 Rh6 30. h4 Rf6 31. Rc2 Ra6 32. Rxc3 Kd6 33. Ke4 Ra2 34. f3 Re2+ 35. Kf4 Rd2 36. Ke3 Rg2 37. g4 Rh2 38.
h5 Ra2 39. Rb3 Ra1 40. Rb6+ Kc7 41. Rb5 Re1+ 42. Kd2 Re7 43. Re5 Rd7 44. Ke3 Kd6 45. Re8 h6 46. Ke4 Ra7 47. Rg8 Re7+ 48.
Kf5 Kd5 49. Rxg7 Kxd4 50. Kf6 Re3 51. Kxf7 Rxf3+ 52. Kg6 1-0

[ePGN "0.1;DGT LiveChess/2.2.6"]

[Event "Allsvenskan Div I 3 2023/2024: SS Manhem II - Majornas SS"]
[Site "Goteborgs schackcentrum, Vegatan 20, Gothenburg, Sweden"]
[Date "2024.02.04"]
[Round "1.6"]
[White "Herrman, Jan"]
[Black "Berg, Roy"]
[Result "0-1"]
[TimeControl "90 minutes for 40 moves + 30 minutes for the rest of the game + 30 seconds per move from move one."]
[WhiteFideId "1731882"]
[BlackFideId "1711458"]
[WhiteElo "1872"]
[BlackElo "1942"]

1. d4 d5 2. Nf3 Nf6 3. Bg5 c6 4. e3 Qb6 5. Bxf6 exf6 6. b3 Be6 7. Bd3 Nd7 8. O-O Be7 9. Nbd2 f5 10.
c4 O-O 11. Rc1 Nf6 12. Qc2 Ne4 13. cxd5 cxd5 14. Qc7 Bb4 15. Nb1 Rfc8 16. Qxb6 axb6 17. a4 f6 18. Rfd1 Kf8 19. Kf1 Ke7 20.
Ke2 Bd7 21. Nfd2 Nd6 22. f3 b5 23. Rxc8 Rxc8 24. axb5 Nxb5 25. g4 fxg4 26. Bxh7 Rh8 27. Bc2 Rxh2+ 28. Kd3 gxf3 29. e4 g6 30.
Ke3 Nc3 31. Nxc3 Bxc3 32. exd5 Re2+ 33. Kd3 Bxd2 34. Rxd2 Bf5+ 35. Kc3 Rxd2 0-1

[ePGN "0.1;DGT LiveChess/2.2.6"]

[Event "Allsvenskan Div I 3 2023/2024: SS Manhem II - Majornas SS"]
[Site "Goteborgs schackcentrum, Vegatan 20, Gothenburg, Sweden"]
[Date "2024.02.04"]
[Round "1.7"]
[White "Ozbek, Gorkem"]
[Black "Abrahamsson, Patrik"]
[Result "1-0"]
[TimeControl "90 minutes for 40 moves + 30 minutes for the rest of the game + 30 seconds per move from move one."]
[WhiteFideId "34568719"]
[BlackFideId "1716484"]
[WhiteElo "1745"]
[BlackElo "1932"]

1. e4 d5 2. exd5 Nf6 3. Bb5+ Bd7 4. Bc4 Bg4 5. f3 Bf5 6. Nc3 c6 7. Nge2 cxd5 8. Bb5+ Bd7 9. Bxd7+ Qxd7 10.
d4 Nc6 11. Bf4 e6 12. O-O Rc8 13. Kh1 Na5 14. Qd3 Nc4 15. b3 Nd6 16. Na4 Be7 17. Rfe1 Rg8 18. Be5 h5 19. Nf4 Rh8 20.
Nc5 Qb5 21. Qd2 Nf5 22. Ncd3 Qc6 23. c4 dxc4 24. bxc4 Rd8 25. d5 exd5 26. Bxf6 dxc4 27. Bxe7 Nxe7 28. Qb4 Qd6 29. Qxd6 Rxd6 30.
Nf2 Rd4 31. Re4 Rd2 32. Rae1 Rxf2 33. Rxe7+ Kd8 34. Rxb7 Rh6 35. Rxf7 g5 36. Nd5 Rxa2 37. Nf6 Rh8 38. h4 g4 39. Rb1 Kc8 40. Nd5 gxf3 41. Rc7+ 1-0

[ePGN "0.1;DGT LiveChess/2.2.6"]

[Event "Allsvenskan Div I 3 2023/2024: SS Manhem II - Majornas SS"]
[Site "Goteborgs schackcentrum, Vegatan 20, Gothenburg, Sweden"]
[Date "2024.02.04"]
[Round "1.8"]
[White "Tobiasson, Bjorn"]
[Black "Simpson, Liam"]
[Result "1-0"]
[TimeControl "90 minutes for 40 moves + 30 minutes for the rest of the game + 30 seconds per move from move one."]
[WhiteFideId "1773682"]
[BlackFideId "1778048"]
[WhiteElo "1803"]
[BlackElo "1726"]

1. d4 Nf6 2. Bg5 Ne4 3. Bf4 c5 4. f3 Qa5+ 5. c3 Nf6 6. Nd2 cxd4 7. Nb3 Qb6 8. Qxd4 d5 9. Qxb6 axb6 10.
e3 Nc6 11. Bc7 Nd7 12. Bb5 e6 13. Ne2 Be7 14. Kf2 O-O 15. Ned4 Nxd4 16. cxd4 Bd8 17. Bd6 Re8 18. Rhc1 Be7 19.
Bxe7 Rxe7 20. Rc7 f5 21. Rac1 Re8 22. Bxd7 Bxd7 23. Rxd7 Rxa2 24. Rc2 1-0